 Dungeon Crawl Stone Soup version 0.29-a0-1052-g6990b1bffc (webtiles) character file.

Game seed: 2878024589194491777

311519 ytrimaz the Earth Mage (level 21, -17/198 HPs)
             Began as an Octopode Transmuter on Aug 18, 2022.
             Was an Elder of Ashenzari.
             Shot with an arrow by a deep elf master archer (19 damage)
             ... on level 3 of the Elven Halls.
             The game lasted 01:47:21 (38381 turns).

ytrimaz the Earth Mage (Octopode Transmuter)       Turns: 38381, Time: 01:47:21

Health: -17/198    AC: 34    Str:  9    XL:     21   Next: 28%
Magic:  6/53       EV: 23    Int: 44    God:    Ashenzari [****..]
Gold:   4687       SH:  0    Dex: 15    Spells: 21/58 levels left

rFire   . . .      SeeInvis +     - Unarmed
rCold   . . .      Faith    .   (no shield)
rNeg    + + .      Spirit   .   x - +1 hat "Share My Insecurity" {Stlth+, Melee, Evo} (curse) rPois โˆž Reflect .
                                m - amulet "Share My Gnosis" {rElec rPois Will+ Regen+ Int+2, Self, Cun} (curse)
rElec   +          Harm     .   b - ring "Clairvoyant Urgency" {Wiz, Self, Cun} (curse)
rCorr   +          Rampage  .   k - ring of the Eternal God {rCorr, Bglg, Alch} (curse)
Will    ++...      Clarity  +   D - ring of the Fated Soothsayer {MP+9, Elem, Range} (curse) Stlth *****+++++
                                C - ring of positive energy
HPRegen 1.23/turn               K - ring of Shadows {Umbra +Inv Stlth+, Self, Alch} (curse)
MPRegen 0.33/turn               G - ring of the Eternal Burden {Int+6, Cun, Melee} (curse)
                                H - +6 ring of intelligence
                                u - ring "Ensconced Affliction" {Int+6, Cun, Comp} (curse)

@: statue-form, wreathed by umbra, very slow
A: slow and powerful, torment resistance 1, boosted hp, almost no armour,
amphibious, 8 rings, camouflage 1, (gelatinous body 1), (nimble swimmer 1),
tentacles, clarity, mutation resistance 1
}: 2/15 runes: serpentine, barnacled
a: End Transformation, Renounce Religion, Evoke Invisibility, Curse Item,
Shatter the Chains


You were on level 3 of the Elven Halls.
You worshipped Ashenzari.
Ashenzari was greatly pleased with you.
You were a living statue of rough stone.
You visited 9 branches of the dungeon, and saw 36 of its levels.
You visited the Abyss 3 times.
You also visited: Trove, Ossuary and Gauntlet.

You collected 6103 gold pieces.
You spent 1416 gold pieces at shops.

Inventory:

Hand Weapons
 Q - a +2 sacred scourge of holy wrath
Missiles
 t - 8 throwing nets
Armour
 x - the cursed +1 hat "Share My Insecurity" (worn) {Stlth+, Melee, Evo}
   (You took it off Gastronok on level 12 of the Dungeon)

   It has a curse which improves the following skills: Melee Combat: Short
   Blades, Long Blades, Axes, Maces & Flails, Polearms, Staves and Unarmed
   Combat.
   Evocations: Evocations.
Jewellery
 b - the cursed ring "Clairvoyant Urgency" (left tentacle) {Wiz, Self, Cun}
   (You found it on level 4 of the Dungeon)

   [ring of wizardry]

   It improves your spell success rate.
   It has a curse which improves the following skills: Introspection: Fighting
   and Spellcasting.
   Cunning:   Dodging and Stealth.
 k - the cursed ring of the Eternal God (right tentacle) {rCorr, Bglg, Alch}
   (You took it off an orc on level 5 of the Dungeon)

   [ring of resist corrosion]

   rCorr:     It protects you from acid and corrosion.
   It has a curse which improves the following skills: Beguiling: Conjurations,
   Hexes and Translocations.
   Alchemy:   Poison Magic and Transmutations.
 m - the cursed amulet "Share My Gnosis" (around mantle) {rElec rPois Will+ Regen+ Int+2, Self, Cun}
   (You found it on level 5 of the Dungeon)

   [amulet of regeneration]

   Int:       It affects your intelligence (+2).
   rElec:     It insulates you from electricity.
   rPois:     It protects you from poison.
   Regen:     It increases your rate of health regeneration.
   Will:      It increases your willpower.
   It has a curse which improves the following skills: Introspection: Fighting
   and Spellcasting.
   Cunning:   Dodging and Stealth.
 n - the ring "Qenuim Omm" {rF+ rCorr Int+2}
   (You found it in a treasure trove)

   [ring of protection from fire]

   Int:       It affects your intelligence (+2).
   rF:        It protects you from fire.
   rCorr:     It protects you from acid and corrosion.
 u - the cursed ring "Ensconced Affliction" (on tentacle) {Int+6, Cun, Comp}
   (You found it on level 1 of the Shoals)

   [ring of intelligence]

   Int:       It affects your intelligence (+6).
   It has a curse which improves the following skills: Cunning: Dodging and
   Stealth.
   Companions: Summonings and Necromancy.
 B - a ring of wizardry
 C - a ring of positive energy (on tentacle)
 D - the cursed ring of the Fated Soothsayer (on tentacle) {MP+9, Elem, Range}
   (You found it on level 1 of the Lair of Beasts)

   [ring of magical power]

   MP:        It affects your magic capacity (+9).
   It has a curse which improves the following skills: Elements: Fire Magic, Ice
   Magic, Air Magic and Earth Magic.
   Ranged Combat: Ranged Weapons and Throwing.
 G - the cursed ring of the Eternal Burden (on tentacle) {Int+6, Cun, Melee}
   (You found it on level 4 of the Lair of Beasts)

   [ring of intelligence]

   Int:       It affects your intelligence (+6).
   It has a curse which improves the following skills: Cunning: Dodging and
   Stealth.
   Melee Combat: Short Blades, Long Blades, Axes, Maces & Flails, Polearms,
   Staves and Unarmed Combat.
 H - a +6 ring of intelligence (on tentacle)
 I - a +4 ring of evasion
 J - an amulet of magic regeneration
 K - the cursed ring of Shadows (on tentacle) {Umbra +Inv Stlth+, Self, Alch}
   (You found it in a Gauntlet)

   [ring of stealth]

   It surrounds you with an aura of shadow, increasing your stealth and reducing
   the accuracy of all others within it.
   +Inv:      It lets you turn invisible.
   Stlth:     It makes you more stealthy.
   It has a curse which improves the following skills: Introspection: Fighting
   and Spellcasting.
   Alchemy:   Poison Magic and Transmutations.
 V - the amulet of Vitality {RegenMP++ Regen++}
   (You took it off a deep elf blademaster on level 3 of the Elven Halls)

   [amulet of magic regeneration]

   It increases your rate of magic regeneration.
   Regen:     It increases your rate of health regeneration.
Wands
 a - a wand of flame (78)
 c - a wand of charming (38)
 h - a wand of polymorph (9)
 s - a wand of mindburst (50)
 A - a wand of iceblast (15)
 L - a wand of light (11)
 S - a wand of digging (10)
Scrolls
 g - 7 scrolls of fear
 i - 3 scrolls of amnesia
 l - 7 scrolls of teleportation
 q - 2 scrolls of torment
 r - 2 scrolls of silence
 w - 7 scrolls of enchant armour
 y - 9 scrolls of fog
 z - 3 scrolls of poison
 M - 4 scrolls of magic mapping
 R - 2 scrolls of brand weapon
 U - a scroll of blinking
 X - a scroll of summoning
Potions
 d - 7 potions of curing
 e - 2 potions of attraction
 f - 2 potions of ambrosia
 j - 2 potions of invisibility
 o - 6 potions of brilliance
 p - 2 potions of mutation
 v - 3 potions of resistance
 E - a potion of might
 F - 5 potions of haste
 O - 5 potions of lignification
 P - 2 potions of flight
 T - a potion of cancellation
Miscellaneous
 N - a phantom mirror


   Skills:
 + Level 12.2(16.0) Fighting
 - Level 15.3(20.0) Dodging
 - Level 14.8(19.5) Stealth
 - Level 5.8 Shields
 - Level 13.1(16.0) Unarmed Combat
 - Level 15.6(19.3) Spellcasting
 - Level 12.6(15.5) Transmutations
 - Level 17.8(19.6) Earth Magic
 - Level 4.0(6.7) Poison Magic
 - Level 6.3 Invocations


You had 21 spell levels left.
You knew the following spells:

 Your Spells              Type           Power      Damage    Failure   Level
a - Statue Form           Tmut/Erth      76%        N/A       1%          6
b - Wereblood             Tmut           100%       N/A       0%          2
c - Irradiate             Conj/Tmut      42%        3d25      1%          5
d - Leda's Liquefaction   Hex/Erth       46%        N/A       1%          4
e - Shatter               Erth           60%        3d45*     6%          9
f - Dragon Form           Tmut           54%        N/A       1%          7
g - Ice Form              Ice/Tmut       84%        N/A       1%          4

Your spell library contained the following spells:

 Spells                   Type           Power      Damage    Failure   Level
 Beastly Appendage        Tmut           100%       N/A       0%          1
 Sandblast                Erth           100%       2d20      0%          1
 Passwall                 Tmut/Erth      95%        N/A       0%          2
 Spider Form              Tmut/Pois      96%        N/A       0%          3
 Petrify                  Tmut/Erth      100%       N/A       0%          4
 Lee's Rapid Deconstruct  Erth           60%        3d29*     0%          5
 Apportation              Tloc           88%        N/A       1%          1
 Foxfire                  Conj/Fire      100%       2x1d9     1%          1
 Magic Dart               Conj           100%       1d8       1%          1
 Necrotise                Necr           100%       1d9       1%          1
 Slow                     Hex            100%       N/A       1%          1
 Summon Small Mammal      Summ           100%       N/A       1%          1
 Blink                    Tloc           88%        N/A       1%          2
 Call Imp                 Summ           44%        N/A       1%          2
 Ensorcelled Hibernation  Hex/Ice        88%        N/A       1%          2
 Poisonous Vapours        Pois/Air       100%       N/A       1%          2
 Searing Ray              Conj           88%        2d7       1%          2
 Static Discharge         Conj/Air       44%        3-9/arc   1%          2
 Sublimation of Blood     Necr           44%        N/A       1%          2
 Confusing Touch          Hex            44%        N/A       1%          3
 Conjure Flame            Conj/Fire      44%        6-21      1%          3
 Gell's Gravitas          Tloc           44%        N/A       1%          3
 Ignite Poison            Fire/Tmut/Pois 83%        N/A       1%          3
 Inner Flame              Hex/Fire       44%        N/A       1%          3
 Lesser Beckoning         Tloc           44%        N/A       1%          3
 Mephitic Cloud           Conj/Pois/Air  59%        N/A       1%          3
 Stone Arrow              Conj/Erth      100%       3d13      1%          3
 Swiftness                Air            44%        N/A       1%          3
 Teleport Other           Tloc           44%        N/A       1%          3
 Vampiric Draining        Necr           44%        2d9       1%          3
 Airstrike                Air            22%        2d(4-20)  1%          4
 Corpse Rot               Necr/Pois/Air  59%        N/A       1%          4
 Dispel Undead            Necr           44%        3d17      1%          4
 Flame Wave               Conj/Fire      44%        2d11      1%          4
 Fulminant Prism          Conj/Hex       22%        3d13      1%          4
 Sticky Flame             Conj/Fire      44%        2d6       1%          4
 Summon Lightning Spire   Summ/Air       44%        N/A       1%          4
 Alistair's Intoxication  Tmut/Pois      64%        N/A       1%          5
 Blade Hands              Tmut           54%        N/A       1%          5
 Borgnjor's Vile Clutch   Necr/Erth      46%        N/A       1%          5
 Eringya's Noxious Bog    Tmut/Pois      48%        N/A       1%          6
 Agony                    Necr           44%        N/A       5%          5
 Freezing Cloud           Conj/Ice/Air   22%        6-21      5%          5
 Lightning Bolt           Conj/Air       22%        1d37      5%          5
 Metabolic Englaciation   Hex/Ice        22%        N/A       5%          5
 Summon Forest            Summ/Tloc      22%        N/A       5%          5
 Lehudib's Crystal Spear  Conj/Erth      46%        10d11     22%         8
 Conjure Ball Lightning   Conj/Air       22%        3x3d6     28%         6
 Death Channel            Necr           22%        N/A       28%         6
 Dispersal                Tloc           22%        N/A       28%         6
 Simulacrum               Ice/Necr       22%        N/A       28%         6
 Malign Gateway           Summ/Tloc      22%        N/A       82%         7
 Summon Hydra             Summ           22%        N/A       82%         7
 Maxwell's Capacitive Co  Air            22%        โˆž       100%        8
 Summon Horrible Things   Summ           22%        N/A       100%        8
 Chain Lightning          Conj/Air       22%        3d29      100%        9
 Fire Storm               Conj/Fire      22%        8d6       100%        9
 Polar Vortex             Ice            22%        N/A       100%        9
 Animate Armour           Summ/Erth      Unusable   N/A       N/A         4

Dungeon Overview and Level Annotations

Branches:
Dungeon (15/15)            Temple (1/1) D:4            Lair (5/5) D:10
 Shoals (4/4) Lair:2        Snake (4/4) Lair:3        Slime (1/5) Lair:4
    Orc (2/2) D:11            Elf (3/3) Orc:2        Vaults (0/5) D:13
 Depths (1/4) D:15        Ossuary (visited)         Gauntlet (visited)

Altars:
Ashenzari
Cheibriados
Dithmenos
Elyvilon
Fedhas
Gozag
Hepliaklqana
Kikubaaqudgha
Makhleb
Nemelex Xobeh
Okawaru
Qazlal
Ru
Sif Muna
Trog
Uskayaw
Vehumet
Wu Jian
Xom
Yredelemnul
Zin
The Shining One
Jiyva

Shops:
D:4 ?   D:12 *   D:15 =   Orc:2 ([!?*   Elf:2 (   Snake:1 [?

Annotations:
D:5 2 transporters, ragingrage's ghost, weakling MiDe
D:9 Harold
Lair:1 exclusion: boulder beetle
Lair:3 2 transporters, quixfox's ghost, journeyman DsCj
Elf:2 2 runed translucent doors


Innate Abilities, Weirdness & Mutations

You are a living statue of rough stone.
Your actions are slow, but your melee attacks are powerful.
You are resistant to unholy torment.
Your maximum health is greatly increased.
You are immune to poison.
You cannot wear most types of armour.
You are amphibious.
You can wear up to eight rings at the same time.
Your skin changes colour to match your surroundings (Stealth+).
((Your rubbery body absorbs attacks. (AC +1, EV +1)))
((You are camouflaged when in or above water. (Stealth+)))
You have tentacles for arms and can constrict up to eight enemies at once.
You possess an exceptional clarity of mind.
You are somewhat resistant to further mutation.


Message History

The deep elf master archer hits you!
* * * LOW HITPOINT WARNING * * *
The deep elf knight hits you with a +0 short sword!
* * * LOW HITPOINT WARNING * * *
The deep elf knight hits you with a +0 short sword!
* * * LOW HITPOINT WARNING * * *
The deep elf master archer wields a +0 longbow.
The deep elf master archer shoots an arrow.
The arrow hits you but does no damage.
The deep elf master archer shoots an arrow.
The arrow misses you. The deep elf knight barely misses you.
Unknown command.
Okay, then.
As you read the scroll of fear, it crumbles to dust.
You assume a fearsome visage.
The deep elf master archer resists with almost no effort.
The deep elf knight looks frightened!
The deep elf master archer shoots an arrow.
The arrow completely misses you.
The deep elf master archer shoots an arrow.
The arrow hits you!
* * * LOW HITPOINT WARNING * * *
The deep elf master archer shoots an arrow.
The arrow completely misses you.
The deep elf master archer shoots an arrow.
The arrow barely misses you.
The deep elf master archer shoots an arrow.
The arrow misses you.
Unknown command.
You feel better.
The deep elf master archer shoots an arrow.
The arrow completely misses you.
The deep elf master archer shoots an arrow.
The arrow hits you!
* * * LOW HITPOINT WARNING * * *
The deep elf master archer shoots an arrow.
The arrow barely misses you.
The deep elf master archer shoots an arrow.
The arrow hits you!!
You die...

##.....#.# # ###.###
##.......# .#* ####.
........#...#######.
##e)..............'.
#........#.########.
###...).....##### ##.
###..))).###..#.#*.##
##...##).....#.#...*#
#.#)8##.)........# *
#..e####).)....)..#* *
**** *
#..#.##...#........* *
*,, ,
...................# *,
,
,........e..#.)........*
, ,
...........#{))).....##
* ,
##'####....e...........
, .., #....).).).$..#..*
, * ,, 8,
ยง.).#....)......#*


You could see a deep elf master archer (fast) and a deep elf knight (fast,
invisible, fleeing).

Vanquished Creatures
  Mara (Shoals:4)
  Vashnia (Snake:2)
  Bai Suzhen (Shoals:4)
  Nikola (Snake:1)
  Rupert (D:15)
  Mlioglotl (Shoals:2)
  A tentacled monstrosity (Abyss:4)
  3 deep elf master archers (Elf:3)
  3 deep elf blademasters
  Polyphemus (Shoals:2)
  2 krakens
  Gastronok (D:12)
  2 tentacled starspawn (Abyss:4)
  Roxanne (Elf:2)
  Donald (Shoals:3)
  7 nagarajas
  Ilsuiw (Shoals:4)
  6 deep elf sorcerers
  A cacodemon (Abyss:4)
  Louise (Snake:2)
  2 deep elf elementalists (Elf:3)
  An orc warlord (Elf:1)
  An angel (Abyss:4)
  2 very ugly things (Abyss:4)
  3 deep elf demonologists
  A dire elephant (D:15)
  An entropy weaver (Gauntlet)
  A minotaur (Gauntlet)
  5 deep elf annihilators (Elf:3)
  A purple draconian (Abyss:4)
  5 deep elf death magi
  7 merfolk javelineers
  A blizzard demon (Gauntlet)
  A deep elf high priest (Elf:2)
  7 hydras
  A vault guard (D:13)
  10 merfolk impalers
  2 salamander tyrants (Snake:4)
  2 boulder beetles (D:13)
  A spriggan skeleton (Abyss:4)
  2 alligator snapping turtles
  8 anacondas
  3 centaur warriors
  16 naga warriors
  2 merfolk avatars
  5 catoblepae
  5 merfolk aquamancers
  26 dancing weapons
  5 two-headed ogres
  3 satyrs
  A tengu warrior (D:13)
  2 thrashing horrors
  4 orc high priests
  20 death yaks
  10 large abominations
  13 naga sharpshooters
  6 shock serpents
  3 wretched stars
  4 sun demons (Shoals:1)
  12 sea snakes
  10 deep elf knights
  A fire crab (Lair:4)
  A sixfirhy (D:13)
  A death drake (Abyss:4)
  5 salamander mystics
  A golden dragon zombie (Abyss:4)
  3 starcursed masses (Abyss:4)
  11 naga ritualists
  14 deep elf archers
  9 ugly things
  24 deep elf pyromancers
  14 harpies
  3 cyclopes
  2 wolf spiders
  A necromancer (Abyss:2)
  21 deep elf zephyrmancers
  8 orc knights
  5 orc sorcerers (Orc:2)
  9 salamanders
  24 manticores
  A worldbinder (Abyss:4)
  9 mana vipers
  A moth of wrath (shapeshifter) (D:13)
  18 fauns
  Maurice (Orc:1)
  15 merfolk sirens
  Joseph (D:8)
  11 elephants
  An apocalypse crab (Abyss:2)
  A guardian serpent (Snake:4)
  34 black mambas
  A centaur skeleton (Abyss:2)
  15 naga magi
  A gargoyle (D:12)
  14 cane toads
  8 smoke demons (Abyss:4)
  9 water nymphs
  An unseen horror (D:12)
  8 komodo dragons
  2 rime drakes
  An efreet (D:15)
  3 ice devils
  A red devil (Abyss:3)
  4 ancient zymes
  2 harpy zombies
  28 merfolk
  A silent spectre (Abyss:4)
  7 trolls
  2 hellwings (Abyss:4)
  A polar bear (shapeshifter) (D:13)
  A queen bee (Gauntlet)
  5 wind drakes
  A queen bee (shapeshifter) (D:14)
  18 blink frogs
  2 hornets
  9 snapping turtles
  Prince Ribbit (D:8)
  9 raiju
  7 slime creatures (D:13)
  3 shadows
  13 dream sheep
  A flying skull (Abyss:2)
  5 air elementals
  18 water elementals
  9 spriggans (Lair:1)
  2 wyverns
  62 yaks
  3 basilisks
  2 wraiths
  4 fire elementals
  2 neqoxecs
  A steam dragon (D:9)
  3 vampire mosquitoes (D:13)
  A redback (Gauntlet)
  41 nagas
  2 wargs (Orc:2)
  A hell hound (Abyss:2)
  12 water moccasins
  15 orc warriors
  2 sky beasts (D:7)
  2 manticore zombies (Shoals:3)
  4 ogres
  10 wolves
  9 centaurs
  A phantom (D:4)
  5 kobold brigands
  5 small abominations
  3 bullfrogs
  An earth elemental (Elf:2)
  A necrophage (D:6)
  4 scorpions
  13 wights
  9 killer bees
  An electric eel (Snake:1)
  4 howler monkeys
  A quasit (Abyss:4)
  5 jellies
  3 gnoll boudas
  4 hounds
  21 orc priests
  Jessica (D:3)
  8 hell rats
  2 iguanas
  15 orc wizards
  A boggart simulacrum (D:15)
  8 mummies (Ossuary)
  10 adders
  23 gnolls
  8 river rats (Lair:5)
  3 shadow imps
  2 white imps
  5 dart slugs
  75 orcs
  6 endoplasms
  A giant cockroach (D:1)
  7 goblins
  8 hobgoblins
  3 quokkas
  11 ball pythons
  7 bats
  A frilled lizard (D:3)
  2 gnoll zombies (Ossuary)
  A hobgoblin zombie (Ossuary)
  38 kobolds
  2 kobold zombies (Ossuary)
  3 orc zombies (Ossuary)
  10 rats
  4 plants (Shoals:2)
  2 tentacles (Shoals:4)
1239 creatures vanquished.

Vanquished Creatures (collateral kills)
  A tentacled starspawn (Abyss:3)
  A thrashing horror (Abyss:3)
  A starspawn tentacle (Abyss:3)
3 creatures vanquished.

Vanquished Creatures (others)
  A dancing weapon (Elf:1)
  A deep elf knight (Elf:2)
  A black mamba (Snake:4)
  An unseen horror (shapeshifter) (D:14)
  A golden eye (Abyss:4)
  A manticore zombie (Shoals:3)
  An orc wizard (D:5)
  7 fungi
  2 lurking horrors (Abyss:4)
  56 plants
  7 starspawn tentacles
  8 tentacles
  21 withered plants (Gauntlet)
108 creatures vanquished.

Grand Total: 1350 creatures vanquished

Notes
Turn   | Place    | Note
-------+----------+-------------------------------------------
     0 | D:1      | ytrimaz the Octopode Transmuter began the quest for the
                  | Orb.
     0 | D:1      | Reached XP level 1. HP: 13/13 MP: 3/3
   199 | D:1      | Reached XP level 2. HP: 9/18 MP: 5/5
   949 | D:1      | Reached XP level 3. HP: 23/23 MP: 4/6
   952 | D:1      | Learned a level 2 spell: Wereblood
   956 | D:1      | Learned a level 3 spell: Spider Form
  1996 | D:2      | Found a faded altar of an unknown god.
  2206 | D:3      | Found a radiant altar of Vehumet.
  2207 | D:3      | Noticed Jessica
  2230 | D:3      | Killed Jessica
  2231 | D:3      | Reached XP level 4. HP: 19/28 MP: 5/7
  3033 | D:3      | Reached skill level 5 in Unarmed Combat
  3033 | D:3      | Reached XP level 5. HP: 33/33 MP: 8/8
  3956 | D:4      | Reached skill level 1 in Poison Magic
  3956 | D:4      | Reached XP level 6. HP: 27/38 MP: 1/9
  4319 | D:4      | Found Nuwkar's Magic Scroll Emporium.
  4328 | D:4      | Bought 3 scrolls of identify for 78 gold pieces
  4734 | D:4      | Found a bloodstained altar of Trog.
  5006 | D:4      | Reached XP level 7. HP: 31/43 MP: 1/10
  6344 | D:4      | Found a staircase to the Ecumenical Temple.
  6350 | Temple   | Entered the Ecumenical Temple
  6557 | D:5      | Entered Level 5 of the Dungeon
  6625 | D:5      | Found a broken altar of Ashenzari.
  6652 | D:5      | Reached XP level 8. HP: 29/48 MP: 7/11
  6666 | D:5      | Became a worshipper of Ashenzari the Shackled
  7134 | D:5      | Noticed ragingrage's ghost (weakling MiDe)
  7212 | D:5      | Found a transporter.
  7217 | D:5      | Found a transporter.
  7401 | D:5      | Identified the amulet "Darrev Pyats" {rElec rPois Will+
                  | Regen+ Int+2}
  7695 | D:6      | Found a sand-covered staircase.
  7699 | Ossuary  | Entered an ossuary
  8227 | D:6      | Reached skill level 10 in Unarmed Combat
  8542 | D:7      | Reached XP level 9. HP: 55/55 MP: 9/13
  8764 | D:7      | Reached * piety under Ashenzari
  8914 | D:7      | Reached skill level 5 in Dodging
  9019 | D:7      | Reached skill level 1 in Stealth
  9290 | D:7      | Found a white marble altar of Elyvilon.
  9932 | D:8      | Noticed Prince Ribbit
  9946 | D:8      | Killed Prince Ribbit
  9981 | D:8      | Reached skill level 5 in Spellcasting
 10059 | D:8      | Reached XP level 10. HP: 55/65 MP: 18/20
 10082 | D:8      | Found a shadowy altar of Dithmenos.
 10185 | D:8      | Learned a level 4 spell: Ice Form
 10245 | D:8      | Noticed Joseph
 10283 | D:8      | Killed Joseph
 10609 | D:9      | Noticed Harold
 11530 | D:10     | Entered Level 10 of the Dungeon
 11559 | D:10     | Found a glowing silver altar of Zin.
 11736 | D:10     | Noticed a two-headed ogre
 11749 | D:10     | Killed a two-headed ogre
 11818 | D:10     | Reached skill level 5 in Fighting
 11825 | D:10     | Reached XP level 11. HP: 71/73 MP: 19/24
 11924 | D:10     | Found a staircase to the Lair.
 11957 | D:10     | Learned a level 6 spell: Statue Form
 12617 | Lair:1   | Entered Level 1 of the Lair of Beasts
 13485 | Lair:1   | Found a shadowy altar of Dithmenos.
 13490 | Lair:1   | Noticed a boulder beetle
 13492 | Lair:1   | Reached ** piety under Ashenzari
 13539 | Lair:1   | Reached skill level 5 in Transmutations
 14272 | Lair:2   | Reached skill level 10 in Dodging
 14387 | Lair:2   | Reached XP level 12. HP: 84/84 MP: 26/26
 14560 | Lair:2   | Found a staircase to the Shoals.
 15339 | Lair:3   | Found a transporter.
 15389 | Lair:3   | Reached skill level 1 in Earth Magic
 15706 | Lair:3   | Found a staircase to the Snake Pit.
 15763 | Lair:3   | Found a transporter.
 15772 | Lair:3   | Found a bloodstained altar of Trog.
 15815 | Lair:3   | Noticed a catoblepas
 15829 | Lair:3   | Reached skill level 2 in Earth Magic
 15829 | Lair:3   | Killed a catoblepas
 16041 | Lair:3   | Reached skill level 3 in Earth Magic
 16053 | Lair:3   | Reached skill level 4 in Earth Magic
 16286 | Lair:3   | Learned a level 5 spell: Irradiate
 16290 | Lair:3   | Noticed quixfox's ghost (journeyman DsCj)
 16513 | Snake:1  | Entered Level 1 of the Snake Pit
 16513 | Snake:1  | Noticed an anaconda
 16513 | Snake:1  | Noticed a shock serpent
 16513 | Snake:1  | Noticed a shock serpent
 16513 | Snake:1  | Noticed a naga warrior
 16514 | Snake:1  | Noticed a naga sharpshooter
 16598 | Lair:4   | Reached skill level 5 in Earth Magic
 16655 | Lair:4   | Found a staircase to the Slime Pits.
 16655 | Lair:4   | Found a viscous altar of Jiyva.
 16756 | Lair:4   | Reached XP level 13. HP: 94/94 MP: 27/27
 16835 | Lair:4   | Reached skill level 6 in Earth Magic
 16856 | Lair:4   | Reached skill level 7 in Earth Magic
 16935 | Lair:4   | Reached skill level 10 in Fighting
 17011 | Lair:4   | Reached skill level 8 in Earth Magic
 17526 | Lair:5   | Entered Level 5 of the Lair of Beasts
 17551 | Lair:5   | Reached skill level 9 in Earth Magic
 17648 | Lair:5   | Reached skill level 10 in Earth Magic
 17672 | Lair:5   | Reached skill level 11 in Earth Magic
 17676 | Lair:5   | Reached XP level 14. HP: 103/103 MP: 14/28
 17812 | Lair:5   | Reached skill level 12 in Earth Magic
 18069 | Lair:5   | Reached skill level 13 in Earth Magic
 18533 | Lair:5   | Reached skill level 14 in Earth Magic
 18855 | Lair:5   | Reached XP level 15. HP: 108/108 MP: 29/29
 19409 | D:11     | Found a staircase to the Orcish Mines.
 19421 | Orc:1    | Entered Level 1 of the Orcish Mines
 19421 | Orc:1    | Noticed Maurice
 19428 | Orc:1    | Killed Maurice
 19628 | Orc:2    | Entered Level 2 of the Orcish Mines
 19634 | Orc:2    | Found a gate leading to a gauntlet.
 19642 | Gauntlet | Entered a Gauntlet
 19642 | Gauntlet | Found a transporter.
 19642 | Gauntlet | Found a transporter.
 19642 | Gauntlet | Found a transporter.
 19643 | Gauntlet | Found a transporter.
 19646 | Gauntlet | Found a transporter.
 19646 | Gauntlet | Found a transporter.
 19648 | Gauntlet | Found a large runed translucent door.
 19649 | Gauntlet | Found a large runed translucent door.
 19650 | Gauntlet | Found a large runed translucent door.
 19650 | Gauntlet | Found a large runed translucent door.
 19650 | Gauntlet | Found a runed translucent door.
 19651 | Gauntlet | Found a large runed translucent door.
 19652 | Gauntlet | Found a large runed translucent door.
 19653 | Gauntlet | Found a large runed translucent door.
 19653 | Gauntlet | Found a large runed translucent door.
 19654 | Gauntlet | Found a runed translucent gate.
 19656 | Gauntlet | Found a transporter.
 19656 | Gauntlet | Identified the +0 pair of boots of Context {Fly rC++}
 19660 | Gauntlet | Found a transporter.
 19670 | Gauntlet | Found a transporter.
 19671 | Gauntlet | Found the ring of Shadows {Umbra +Inv Stlth+}
 19677 | Gauntlet | Found a transporter.
 19694 | Gauntlet | Found a transporter.
 19698 | Gauntlet | Found a transporter.
 19700 | Gauntlet | Found a runed translucent gate.
 19700 | Gauntlet | Found a runed translucent gate.
 19701 | Gauntlet | Found a large runed translucent door.
 19701 | Gauntlet | Found a large runed translucent door.
 19702 | Gauntlet | Found a large runed translucent door.
 19703 | Gauntlet | Found a large runed translucent door.
 19704 | Gauntlet | Found a large runed translucent door.
 19704 | Gauntlet | Found a large runed translucent door.
 19704 | Gauntlet | Found a runed translucent door.
 19705 | Gauntlet | Found a large runed translucent door.
 19706 | Gauntlet | Found a large runed translucent door.
 19770 | Gauntlet | Identified the +1 cloak of Perfidy {rF+++ rC- Int-3 Stlth+}
 20007 | Gauntlet | Identified Myfaxu Geib's Incunabulum of Discontinuous Silt
 20015 | Gauntlet | Reached skill level 15 in Earth Magic
 20164 | Orc:2    | Reached *** piety under Ashenzari
 20217 | Orc:2    | Found Vaitygg's Assorted Antiques.
 20407 | Orc:2    | Reached skill level 10 in Stealth
 20410 | Orc:2    | Reached XP level 16. HP: 104/117 MP: 27/31
 20442 | Orc:2    | Found Goveimenk's Weapon Emporium.
 20442 | Orc:2    | Found Tuet's Magic Scroll Shop.
 20444 | Orc:2    | Found Xinonip's Antique Armour Emporium.
 20444 | Orc:2    | Found Elucsoemn's Distillery.
 20492 | Orc:2    | Bought 2 potions of lignification for 96 gold pieces
 20492 | Orc:2    | Bought a potion of brilliance for 64 gold pieces
 20492 | Orc:2    | Bought a potion of mutation for 128 gold pieces
 20492 | Orc:2    | Bought 2 potions of lignification for 96 gold pieces
 20492 | Orc:2    | Bought a potion of heal wounds for 80 gold pieces
 20492 | Orc:2    | Bought a potion of magic for 128 gold pieces
 20634 | Orc:2    | Found a staircase to the Elven Halls.
 20920 | Elf:1    | Entered Level 1 of the Elven Halls
 20979 | Abyss:2  | Cast into level 2 of the Abyss (+1 long sword of
                  | distortion)
 21035 | Abyss:2  | Paralysed by you for 3 turns
 21063 | Abyss:2  | Noticed a hellephant
 21141 | Abyss:2  | Gained mutation: You sometimes lose your temper in combat.
                  | [a neqoxec]
 21149 | Abyss:2  | Gained mutation: You are weak. (Str -2) [a neqoxec]
 21188 | Abyss:2  | Noticed a green draconian monk
 21191 | Abyss:2  | Noticed a tentacled starspawn
 21279 | Abyss:3  | Noticed a tentacled starspawn
 21289 | Abyss:3  | Killed a tentacled starspawn
 21358 | Abyss:4  | Found a corrupted altar of Lugonu.
 21386 | Abyss:4  | Noticed a tentacled starspawn
 21444 | Abyss:4  | Noticed a hellephant
 21493 | Abyss:4  | Noticed a tentacled starspawn
 21510 | Abyss:4  | Noticed an Executioner
 21632 | Abyss:4  | Noticed a tentacled starspawn
 21642 | Abyss:4  | Killed a tentacled starspawn
 21648 | Abyss:4  | HP: 5/152 [burnt (3)]
 21651 | Elf:1    | Escaped the Abyss
 21990 | Elf:1    | Paralysed by an air elemental for 1 turns
 22048 | Elf:1    | Reached skill level 10 in Spellcasting
 22286 | Elf:1    | Lost mutation: You are weak. (Str -2) [potion of mutation]
 22286 | Elf:1    | Lost mutation: You sometimes lose your temper in combat.
                  | [potion of mutation]
 22286 | Elf:1    | Gained mutation: You possess an exceptional clarity of
                  | mind. [potion of mutation]
 22286 | Elf:1    | Gained mutation: You are somewhat resistant to further
                  | mutation. [potion of mutation]
 22286 | Elf:1    | Gained mutation: You are resistant to electric shocks.
                  | (rElec) [potion of mutation]
 22379 | Elf:1    | Paralysed by an air elemental for 1 turns
 22618 | Elf:1    | Learned a level 9 spell: Shatter
 22646 | Elf:1    | Gained mutation: You are occasionally teleported next to
                  | monsters. [mutagenic glow]
 22665 | Elf:1    | Lost mutation: You are resistant to electric shocks.
                  | (rElec) [potion of mutation]
 22665 | Elf:1    | Lost mutation: You are occasionally teleported next to
                  | monsters. [potion of mutation]
 23229 | Shoals:1 | Entered Level 1 of the Shoals
 23295 | Shoals:1 | Reached XP level 17. HP: 123/123 MP: 28/36
 24802 | D:12     | Noticed Gastronok
 24815 | D:12     | Killed Gastronok
 25113 | D:12     | Found Juux's Assorted Antiques.
 25153 | D:12     | Bought a scroll of fog for 108 gold pieces
 25153 | D:12     | Bought a scroll of fear for 108 gold pieces
 25153 | D:12     | Bought a potion of brilliance for 108 gold pieces
 25204 | D:12     | Reached **** piety under Ashenzari
 26085 | D:13     | Identified a scroll of acquirement
 26087 | D:13     | Found a gate to the Vaults.
 26239 | D:13     | Identified the +6 quick blade "Zawitzos" {elec, rPois rN+
                  | Will+ SInv}
 26341 | D:13     | Found a blossoming altar of Fedhas.
 26774 | D:13     | Acquired 696 gold pieces
 27278 | D:14     | Identified the cursed +1 hat "Share My Insecurity" {Stlth+,
                  | Melee, Evo} (You took it off Gastronok on level 12 of the
                  | Dungeon)
 27415 | D:15     | Entered Level 15 of the Dungeon
 27430 | D:15     | Reached skill level 16 in Earth Magic
 27555 | D:15     | Found Eppaaguu's Jewellery Boutique.
 27678 | D:15     | Noticed Rupert
 27684 | D:15     | Killed Rupert
 27787 | D:15     | Found a staircase to the Depths.
 28165 | D:15     | Acquired the Quarto of Combative Shaping
 28177 | D:15     | Learned a level 7 spell: Dragon Form
 28179 | D:15     | Acquired Great Wizards, Vol. II
 28183 | D:15     | Acquired 992 gold pieces
 28284 | Depths:1 | Entered Level 1 of the Depths
 28718 | Shoals:2 | Reached XP level 18. HP: 131/131 MP: 39/39
 28922 | Shoals:2 | Noticed Mlioglotl
 28929 | Shoals:2 | Killed Mlioglotl
 29044 | Shoals:2 | Noticed Polyphemus
 29056 | Shoals:2 | Killed Polyphemus
 29844 | Shoals:3 | Reached skill level 17 in Earth Magic
 29897 | Shoals:3 | Reached ***** piety under Ashenzari
 30016 | Shoals:3 | Noticed Donald
 30026 | Shoals:3 | Killed Donald
 30068 | Shoals:3 | Identified the +9 war axe "Kocigoc" {spect, rF+ Int+4
                  | Dex-4}
 30505 | Shoals:4 | Entered Level 4 of the Shoals
 30514 | Shoals:4 | Noticed Ilsuiw
 30529 | Shoals:4 | Reached skill level 1 in Shields
 30529 | Shoals:4 | Killed Ilsuiw
 30530 | Shoals:4 | Reached skill level 1 in Invocations
 30533 | Shoals:4 | Noticed Bai Suzhen
 30537 | Shoals:4 | Killed Bai Suzhen
 30753 | Shoals:4 | Reached skill level 5 in Invocations
 30797 | Shoals:4 | Noticed Mara
 30799 | Shoals:4 | Noticed ytrimaz's illusion
 30807 | Shoals:4 | Killed Mara
 30808 | Shoals:4 | Reached skill level 5 in Shields
 31111 | Shoals:4 | Reached XP level 19. HP: 106/137 MP: 37/41
 31116 | Shoals:4 | Got a barnacled rune of Zot
 31934 | Snake:1  | Found Coeshiuz's Magic Scroll Shop.
 31936 | Snake:1  | Found Intiuscho's Armour Shop.
 31950 | Snake:1  | Noticed Nikola
 31955 | Snake:1  | Killed Nikola
 32043 | Snake:1  | Bought 2 scrolls of summoning for 247 gold pieces
 32043 | Snake:1  | Bought a scroll of teleportation for 39 gold pieces
 32043 | Snake:1  | Bought a scroll of blinking for 97 gold pieces
 32043 | Snake:1  | Bought a scroll of teleportation for 39 gold pieces
 32674 | Snake:2  | Noticed Vashnia
 32681 | Snake:2  | Killed Vashnia
 32682 | Snake:2  | Reached skill level 15 in Spellcasting
 33358 | Snake:2  | Reached skill level 10 in Transmutations
 33546 | Snake:2  | Noticed Louise
 33553 | Snake:2  | Killed Louise
 34459 | Snake:4  | Entered Level 4 of the Snake Pit
 34750 | Snake:4  | Reached XP level 20. HP: 144/144 MP: 39/44
 35059 | Snake:4  | Got a serpentine rune of Zot
 35450 | Slime:1  | Entered Level 1 of the Pits of Slime
 35791 | Elf:2    | Found Joagiogh's Antique Weapon Shoppe.
 35797 | Elf:2    | Paralysed by an air elemental for 1 turns
 35837 | Elf:2    | Found a portal to a secret trove of treasure.
 35975 | Elf:2    | Noticed Roxanne
 36001 | Elf:2    | Killed Roxanne
 36112 | Elf:2    | Learned a level 9 spell: Polar Vortex
 36126 | Elf:2    | Learned a level 4 spell: Leda's Liquefaction
 36134 | Elf:2    | Found a runed translucent door.
 36134 | Elf:2    | Found a runed translucent door.
 36794 | Elf:2    | You paid a toll of a +6 demon trident to enter a treasure
                  | trove
 36795 | Trove    | Entered a treasure trove
 36800 | Trove    | Identified the +3 buckler "Jaluih" {-Cast rN++}
 36801 | Trove    | Identified the ring "Qenuim Omm" {rF+ rCorr Int+2}
 36801 | Trove    | Identified the Quarto of the Voyage and Enchantment
 36801 | Trove    | Found the +9 heavy crossbow "Sniper" {vorpal, Acc+โˆž SInv}
 37104 | Abyss:4  | Found a corrupted altar of Lugonu.
 37104 | Abyss:4  | Cast into level 4 of the Abyss (+3 halberd of distortion)
 37470 | Elf:2    | Escaped the Abyss
 37737 | Elf:2    | Reached skill level 15 in Dodging
 38109 | Elf:3    | Entered Level 3 of the Elven Halls
 38109 | Elf:3    | Found an ancient bone altar of Kikubaaqudgha.
 38289 | Elf:3    | Reached XP level 21. HP: 148/148 MP: 43/44
 38311 | Abyss:4  | Cast into level 4 of the Abyss (a deep elf sorcerer)
 38317 | Abyss:4  | Noticed a bone dragon
 38332 | Elf:3    | Escaped the Abyss
 38380 | Elf:3    | HP: 6/198 [deep elf master archer/arrow (9)]
 38381 | Elf:3    | HP: 2/198 [deep elf master archer/arrow (13)]
 38381 | Elf:3    | Shot with an arrow by a deep elf master archer

Illustrated notes

Levels and vault maps discovered:
D:1:      tarquinn_simple_flora_water_a, layout_rooms, serial_corexii_hall,
          chequers_hall_statues_corner_a, corexii_hall_statues_deadend,
          skrybe_limestone_x, minivault_25, ebering_dispersal_statue_hall,
          minmay_vboxes
D:2:      layout_loops_ring, dreamdust_ecumenical_altar_statues
D:3:      layout_basic, nicolae_vehumet_radiance, kennysheep_cross_bottleneck,
          minivault_11, uniq_jessica
D:4:      layout_cave_pods, amcnicky_altar_gilded,
          minmay_temple_entry_enclosed_plants, serial_shops,
          nicolae_lakefront_shop
D:5:      layout_loops_ring, mainiacjoe_overflow_boulevard,
          gammafunk_ghost_hive, minmay_checkerbox
D:6:      layout_cave_pools, enter_ossuary_5
D:7:      layout_basic, nicolae_elyvilon_peaceful_grove
D:8:      layout_loops_ring, nicolae_dithmenos_shadow_blocks,
          uniq_prince_ribbit1, uniq_joseph
D:9:      layout_irregular_city, uniq_harold
D:10:     layout_gridville, lemuel_round_altar, dpeg_oklobed_lair
D:11:     layout_irregular_city, david_orc_5, st_stairs_13
D:12:     layout_layer_cave, serial_shops, shop_fountains, serial_glass,
          glass_columns_a, glass_columns_a, uniq_gastronok
D:13:     minmay_shoctagon, layout_basic, david_vaults_5, fedhas_altar_2
D:14:     layout_basic, minmay_misc_feat_secret_circle
D:15:     hangedman_depths_entry_try_elsewhere_first, layout_loops_ring,
          serial_shops, nicolae_shop_window_shopping,
          hangedman_abyss_or_decor_passed, uniq_rupert
Temple:   nicolae_temple_slightly_damp_pantheon
Lair:1:   kb_forest_paths, layout_chaotic_city, basic_altar,
          serial_bayou_crossing
Lair:2:   layout_layer_cave, minmay_shoals_entry_beasts, lemuel_fruit_fields,
          serial_bayou_shore_a, grunt_megastairs_5
Lair:3:   layout_gridlike, dummy_snake_entry, gammafunk_ghost_wrathful_warriors
Lair:4:   layout_loops_ring, slime_entry_1, hangedman_lair_unloving_vines,
          minivault_23
Lair:5:   evilmike_catoblepas_cave, layout_hall_layers,
          kennysheep_abandoned_house, grunt_megastairs_1,
          infiniplex_staircase_pool_2
Shoals:1: layout_shoals, nicolae_shoals_sun_and_surf
Shoals:2: layout_shoals, uniq_polyphemus, uniq_mlioglotl
Shoals:3: layout_shoals, nicolae_shoals_undead_eyrie, uniq_donald
Shoals:4: shoals_end_hangedman, layout_shoals, shoals_ilsuiw_ice,
          uniq_bai_suzhen, uniq_mara
Snake:1:  layout_grid_maze, nicolae_wooded_promenade, evilmike_ambush
          [evilmike_ambush_outer_pillars, evilmike_ambush_inner_pond],
          grunt_megastairs_3, uniq_nikola
Snake:2:  layout_chambers, grunt_megastairs_2, uniq_vashnia, uniq_louise
Snake:3:  layout_misc_corridors
Snake:4:  minmay_snake_end_coiled, layout_misc_corridors
Slime:1:  layout_caves
Orc:1:    layout_caves, uniq_maurice
Orc:2:    grunt_orc_tribal_feast, layout_caves, gauntlet_entry_generic,
          serial_shops, nicolae_diamond_shop
Elf:1:    layout_geoelf_octagon, special_room [special_room_orc], minivault_28
Elf:2:    elven_hall_of_blades_hangedman_original
          [nicolae_blade_entry_splitting_headache], layout_rooms,
          nicolae_trove_entry_diagonal, serial_shops, nicolae_shop_hallway_plus,
          serial_sigils, serial_sigils_hangedman_snap,
          serial_sigils_hangedman_quiver, serial_sigils_hangedman_writhe,
          serial_sigils_hangedman_quiver, drop_trap, uniq_roxanne
Elf:3:    minmay_elf_hall_statues, layout_geoelf_diagonals, basic_altar,
          minmay_shop_star
Depths:1: layout_small_grid, hell_entry, patterned_corridor,
          yredelemnul_forgotten_temple_becter, minmay_shop_grove,
          kennysheep_random_hallway

Skill      XL: |  1  2  3  4  5  6  7  8  9 10 11 12 13 14 15 16 17 18 19 20 21 |
---------------+----------------------------------------------------------------+-----
Unarmed Combat | 4 5 6 8 10 12 13 | 13.1
Dodging        | 3 4 6 8 10 15 | 15.3
Poison Magic   | 1 2 4 |  4.0
Fighting       | 2 3 5 6 9 10 12 | 12.2
Spellcasting   | 5 7 8 11 14 15 | 15.6
Stealth        | 2 9 10 14 | 14.8
Transmutations | 6 8 12 | 12.6
Earth Magic    | 5 11 14 15 16 17 | 17.8
Shields        | 5 |  5.8
Invocations    | 5 6 |  6.3

Action                   |  1- 3 |  4- 6 |  7- 9 | 10-12 | 13-15 | 16-18 | 19-21 || total
-------------------------+-------+-------+-------+-------+-------+-------+-------++-------
Melee: Unarmed           |    76 |   127 |   350 |   503 |   430 |   830 |   472 ||  2788
       Constrict         |    24 |    14 |    20 |    13 |    72 |   128 |    81 ||   352
       Kick              |    12 |    16 |    19 |     2 |       |       |       ||    49
       Tentacles         |    13 |    10 |    22 |    35 |   133 |   279 |   163 ||   655
       Punch             |       |     2 |     4 |    14 |    51 |   114 |    78 ||   263
       Tailslap          |       |       |       |       |       |       |     1 ||     1
 Cast: Beastly Appendage |    21 |    16 |    11 |     6 |     1 |       |       ||    55
       Spider Form       |       |     9 |    43 |     9 |       |       |       ||    61
       Wereblood         |       |     5 |    10 |    18 |    14 |    12 |    19 ||    78
       Ice Form          |       |       |       |    39 |     2 |     2 |       ||    43
       Statue Form       |       |       |       |     8 |    45 |   112 |    70 ||   235
       Irradiate         |       |       |       |       |    18 |    47 |    21 ||    86
       Shatter           |       |       |       |       |       |    19 |    51 ||    70
       Dragon Form       |       |       |       |       |       |     2 |     1 ||     3
       Leda's Liquefacti |       |       |       |       |       |       |     1 ||     1
Invok: Curse Item        |       |       |     2 |     2 |     2 |     3 |       ||     9
       Shatter the Chain |       |       |       |       |       |       |     1 ||     1
  Use: Scroll            |     8 |     5 |     7 |     6 |     2 |    13 |    12 ||    53
       Potion            |     3 |     3 |     1 |     7 |     6 |    10 |     3 ||    33
 Stab: Sleeping          |     5 |     3 |     4 |     3 |     2 |    37 |     2 ||    56
       Invisible         |       |       |     9 |       |       |       |       ||     9
       Petrified         |       |       |       |     2 |     4 |       |       ||     6
       Distracted        |       |       |       |       |       |     2 |     3 ||     5
Armor: Skin              |    12 |    27 |    15 |   174 |   240 |   514 |   316 ||  1298
Dodge: Dodged            |    52 |    67 |   273 |   472 |   878 |  1721 |   885 ||  4348

Table legend: (Time is in decaauts)
 A = Elapsed time spent in this place.
 B = Non-inter-level travel time spent in this place.
 C = Inter-level travel time spent in this place.
 D = Time resting spent in this place.
 E = Time spent auto-exploring this place.
 F = Levels seen in this place.
 G = Mean time per level.
                   A        B        C        D        E       F      G
               +--------+--------+--------+--------+--------+-----+--------+
         Total |  43693 |  40812 |   2881 |   3993 |  25615 |  44 |  993.0 |
       Dungeon |  17971 |  16963 |   1008 |   1543 |  12242 |  15 | 1198.1 |
        Temple |    184 |    167 |     17 |      0 |    148 |   1 |  184.0 |
          Lair |   7927 |   6806 |   1121 |    787 |   4402 |   5 | 1585.4 |
        Shoals |   5453 |   5192 |    261 |    361 |   3031 |   4 | 1363.2 |
     Snake Pit |   4381 |   4215 |    166 |    323 |   2973 |   4 | 1095.2 |
    Slime Pits |      1 |      1 |      0 |      0 |      0 |   1 |    1.0 |
  Orcish Mines |   1355 |   1198 |    157 |      0 |    857 |   2 |  677.5 |
   Elven Halls |   3997 |   3849 |    148 |    679 |   1543 |   3 | 1332.3 |
        Depths |      4 |      4 |      0 |      0 |      0 |   1 |    4.0 |
         Abyss |   1465 |   1465 |      0 |    122 |    108 |   5 |  293.0 |
         Trove |     76 |     76 |      0 |      0 |      0 |   1 |   76.0 |
       Ossuary |    340 |    340 |      0 |    122 |     87 |   1 |  340.0 |
      Gauntlet |    534 |    534 |      0 |     54 |    221 |   1 |  534.0 |
               +--------+--------+--------+--------+--------+-----+--------+

Top non-repeatable levels by time:
     D:4: 2189 daAuts
  Lair:1: 2084 daAuts
     D:3: 1966 daAuts
   Elf:2: 1855 daAuts
   Elf:1: 1793 daAuts
  Lair:5: 1771 daAuts
  Lair:3: 1629 daAuts
    D:12: 1604 daAuts
Shoals:2: 1568 daAuts
     D:1: 1436 daAuts
Shoals:1: 1394 daAuts
Shoals:4: 1379 daAuts
 Snake:2: 1365 daAuts
 Snake:1: 1325 daAuts
     D:7: 1286 daAuts
